 Dungeon Crawl Stone Soup version 0.30-a0-135-g630cfc4551 (webtiles) character file.

Game seed: 9858767788985911698

16032 ragingrage the Marksfrog (level 12, -13/72 HPs)
             Began as a Barachi Hunter on Sept 20, 2022.
             Was a Believer of Hepliaklqana.
             Mangled by a cane toad (19 damage)
             ... on level 1 of the Lair of Beasts.
             The game lasted 00:17:32 (14178 turns).

ragingrage the Marksfrog (Barachi Hunter)          Turns: 14178, Time: 00:17:33

Health: -13/72     AC: 10    Str: 12    XL:     12   Next: 33%
Magic:  10/12      EV: 13    Int: 12    God:    Hepliaklqana [**....]
Gold:   726        SH:  0    Dex: 31    Spells: 9/11 levels left

rFire   + . .      SeeInvis .    a - +1 shortbow (freeze)
rCold   . . .      Faith    .    (shield currently unavailable)
rNeg    . . .      Spirit   .    C - +2 robe {Will+}
rPois   .          Reflect  .    R - +2 hat
rElec   .          Harm     .    e - +0 cloak
rCorr   .          Rampage  .    K - +1 pair of gloves
Will    +....                    S - +0 pair of boots
Stlth   ++++......               t - amulet of the acrobat
HPRegen 0.22/turn                p - +6 ring of dexterity
MPRegen 0.13/turn                I - +6 ring of dexterity

@: slow
A: reduced essence, amphibious, slowness 1, strong legs 1, +LOS, camouflage 1,
fire resistance 1
a: Hop, Renounce Religion, Recall Ancestor, Ancestor Identity


You were on level 1 of the Lair of Beasts.
You worshipped Hepliaklqana.
Hepliaklqana was pleased with you.
You visited 3 branches of the dungeon, and saw 14 of its levels.

You collected 726 gold pieces.

Inventory:

Hand Weapons
 a - a +1 shortbow of freezing (weapon)
 L - a +4 scimitar of flaming
 P - the +11 dagger of Cowardice {vorpal, Str+3 Int+4}
   (You found it on level 9 of the Dungeon)

   It inflicts extra damage upon your enemies.
   Str:       It affects your strength (+3).
   Int:       It affects your intelligence (+4).
Missiles
 i - 4 curare-tipped darts
 F - 19 poisoned darts
Armour
 e - a +0 cloak (worn)
 s - the +1 ring mail of a sewer {rN+ Dex+2 Stlth+}
   (You found it on level 3 of the Dungeon)

   Dex:       It affects your dexterity (+2).
   rN:        It protects you from negative energy.
   Stlth:     It makes you more stealthy.
 C - a +2 robe of willpower (worn)
 K - a +1 pair of gloves (worn)
 N - +0 acid dragon scales
 R - a +2 hat (worn)
 S - a +0 pair of boots (worn)
Jewellery
 p - a +6 ring of dexterity (left hand)
 t - an amulet of the acrobat (around neck)
 u - a ring of positive energy
 v - a ring of flight
 I - a +6 ring of dexterity (right hand)
Wands
 y - a wand of iceblast (12)
 E - a wand of flame (24)
 G - a wand of polymorph (5)
 U - a wand of paralysis (2)
Scrolls
 b - 4 scrolls of immolation
 d - a scroll of vulnerability
 g - 13 scrolls of identify
 h - 4 scrolls of noise
 k - 2 scrolls of poison
 n - 2 scrolls of fog
 o - 3 scrolls of magic mapping
 x - 6 scrolls of teleportation
 B - a scroll of enchant weapon
Potions
 f - a potion of brilliance
 j - 2 potions of haste
 l - 4 potions of mutation
 m - a potion of cancellation
 q - 6 potions of heal wounds
 r - a potion of invisibility {unknown}
 w - a potion of ambrosia {unknown}
 z - a potion of lignification {unknown}
 D - a potion of curing
 H - a potion of flight {unknown}
 J - 2 potions of berserk rage {unknown}
 Q - a potion of degeneration {unknown}
 T - 2 potions of resistance {unknown}


   Skills:
 - Level 2.4 Fighting
 + Level 19.5 Ranged Weapons
 - Level 2.1 Dodging
 - Level 0.8 Stealth


You had 9 spell levels left.
You knew the following spells:

 Your Spells              Type           Power      Damage    Failure   Level
a - Blink                 Tloc           0%         N/A       45%         2

Your spell library contained the following spells:

 Spells                   Type           Power      Damage    Failure   Level
 Apportation              Tloc           0%         N/A       32%         1
 Summon Small Mammal      Summ           0%         N/A       32%         1
 Call Canine Familiar     Summ           0%         N/A       69%         3
 Frozen Ramparts          Ice            0%         1d1       69%         3
 Lesser Beckoning         Tloc           0%         N/A       69%         3
 Summon Guardian Golem    Hex/Summ       0%         N/A       69%         3
 Ice Form                 Ice/Tmut       0%         N/A       97%         4
 Manifold Assault         Tloc           0%         N/A       97%         4
 Summon Ice Beast         Ice/Summ       0%         N/A       97%         4
 Alistair's Intoxication  Tmut/Pois      0%         N/A       100%        5
 Freezing Cloud           Conj/Ice/Air   0%         6-21      100%        5
 Simulacrum               Ice/Necr       0%         N/A       100%        6
 Polar Vortex             Ice            0%         N/A       100%        9


Dungeon Overview and Level Annotations

Branches:
Dungeon (11/15)            Temple (1/1) D:5            Lair (2/5) D:10
  Swamp: Lair:2-3    Shoals: Lair:2-3     Snake: Lair:2-3    Spider: Lair:2-3
    Orc: D:9-12

Altars:
Ashenzari
Cheibriados
Elyvilon
Fedhas
Gozag
Hepliaklqana
Kikubaaqudgha
Nemelex Xobeh
Okawaru
Qazlal
Ru
Sif Muna
Uskayaw
Wu Jian
Xom
Yredelemnul
Zin
The Shining One

Shops:
D:10 =

Annotations:
D:7 exclusion: 2 downstairs
D:10 1 runed translucent door, exclusion: 3 downstairs, CougarLife's ghost, novice TrFi


Innate Abilities, Weirdness & Mutations

Your life essence is reduced to manifest your ancestor. (-10% HP)
You are amphibious.
You cover ground slowly.
You can hop short distances.
You have an extended range of vision and can be seen from far away.
Your skin changes colour to match your surroundings (Stealth+).
Your flesh is heat resistant. (rF+)


Message History

Demonsreach hits the blink frog with a +0 flail!
You shoot an arrow. The arrow closely misses the cane toad.
Demonsreach avoids your attack.
The arrow hits the blink frog!
The blink frog seems to slow down.
The arrow freezes the blink frog.
You kill the blink frog!
The blink frog is no longer moving slowly.
The cane toad stings you!!
The blink frog hits Demonsreach but does no damage.
You are too injured to fight recklessly!
You are too injured to fight recklessly!
Fire: a) +1 shortbow (freeze)
Press: ? - help, Q - select action, (/) - cycle Shift-Dir - straight line, f/p - cane toad
Aim: a cane toad (moderately wounded, 77% to hit)
You shoot an arrow. The arrow hits the cane toad.
The arrow freezes the cane toad.
The cane toad is heavily wounded.
Demonsreach closely misses the blink frog.
The cane toad stings you!
You are poisoned.
The cane toad poisons you!
Demonsreach blocks the blink frog's attack.
Fire: a) +1 shortbow (freeze)
Press: ? - help, Q - select action, (/) - cycle Shift-Dir - straight line, f/p - cane toad
Aim: a cane toad (heavily wounded, 77% to hit)
You shoot an arrow. The arrow closely misses the cane toad.
Demonsreach avoids your attack.
The arrow hits the blink frog.
The blink frog seems to slow down.
The arrow freezes the blink frog.
The blink frog is lightly wounded.
* * * LOW HITPOINT WARNING * * *
You feel very sick.
Demonsreach hits the blink frog with a +0 flail!
The blink frog barely misses Demonsreach.
You feel better. The cane toad stings you!
* * * LOW HITPOINT WARNING * * *
The blink frog hits Demonsreach!
The blink frog hits Demonsreach.
The blink frog blinks!
Demonsreach closely misses the cane toad.
The cane toad stings you!!
You die...

# ### ##### #
####.########ยง#####.#.########.##
............FFRF@..F.............
.............#####..P###......(..
##########P.. ##### ##..###### #
##.F #..# # #F. ##..# # ... #...#
# ##.. ##..## # #.. #..P# #..P
#..P#


You could see the friendly Demonsreach the knight, a cane toad and 3 blink
frogs.

Vanquished Creatures
  Erica (D:8)
  A boulder beetle (D:8)
  3 two-headed ogres
  3 elephants (Lair:2)
  A cane toad (Lair:2)
  A komodo dragon (D:10)
  2 blink frogs (Lair:1)
  A shadow (D:10)
  Sigmund (D:6)
  12 yaks
  A steam dragon (D:7)
  Duvessa (D:6)
  2 acid dragons
  2 water moccasins (Lair:1)
  2 black bears
  3 orc warriors
  2 ice beasts
  2 ogres (D:6)
  6 wolves (Lair:1)
  A centaur (D:10)
  A phantom (D:5)
  A kobold brigand (D:5)
  2 necrophages
  7 bullfrogs
  A scorpion (D:6)
  A gnoll sergeant (D:9)
  11 wights
  Dowan (D:6)
  2 killer bees (D:7)
  2 electric eels (Lair:1)
  3 howler monkeys
  4 hounds
  7 orc priests
  A gnoll bouda (D:7)
  2 jellies
  Jessica (D:3)
  6 iguanas
  8 orc wizards
  7 adders
  12 gnolls
  A white imp (D:7)
  An ufetubus (D:6)
  2 dart slugs
  30 orcs
  2 bats
  3 endoplasms
  4 giant cockroaches
  7 goblins
  8 hobgoblins
  18 kobolds
  4 quokkas
  7 ball pythons
  3 frilled lizards
  6 rats
224 creatures vanquished.

Vanquished Creatures (collateral kills)
  A hydra (D:10)
  An orc knight (D:10)
  A wolf spider (D:10)
  2 elephants (Lair:2)
  A cane toad (Lair:1)
  A meliai (D:11)
  Prince Ribbit (D:9)
  2 blink frogs (Lair:1)
  A hornet (D:9)
  2 yaks (D:10)
  A sky beast (D:7)
  A kobold brigand (D:10)
  4 bullfrogs
  A wight (D:10)
  A killer bee (D:7)
  2 howler monkeys
  An orc priest (D:9)
  A gnoll (D:9)
  5 orcs
  2 kobolds (D:10)
32 creatures vanquished.

Vanquished Creatures (others)
  An angel (D:5)
  3 knights (D:10)
  5 ancestors
  An orc (D:7)
  4 fungi
  12 plants
26 creatures vanquished.

Grand Total: 282 creatures vanquished

Notes
Turn   | Place    | Note
-------+----------+-------------------------------------------
     0 | D:1      | ragingrage the Barachi Hunter began the quest for the Orb.
     0 | D:1      | Reached XP level 1. HP: 17/17 MP: 1/1
   312 | D:1      | Found a faded altar of an unknown god.
   446 | D:1      | Reached XP level 2. HP: 23/23 MP: 2/2
  1155 | D:2      | Reached skill level 5 in Ranged Weapons
  1155 | D:2      | Reached XP level 3. HP: 12/28 MP: 3/3
  1916 | D:2      | Reached XP level 4. HP: 34/34 MP: 4/4
  2250 | D:3      | Identified the +1 ring mail of a sewer {rN+ Dex+2 Stlth+}
  2540 | D:3      | Reached skill level 6 in Ranged Weapons
  2540 | D:3      | Reached XP level 5. HP: 16/39 MP: 5/5
  2732 | D:3      | Noticed Jessica
  2733 | D:3      | Killed Jessica
  3286 | D:4      | Reached skill level 7 in Ranged Weapons
  3286 | D:4      | Reached XP level 6. HP: 35/46 MP: 6/6
  3812 | D:4      | Reached skill level 8 in Ranged Weapons
  4171 | D:5      | Entered Level 5 of the Dungeon
  4179 | D:5      | Noticed a black bear
  4185 | D:5      | Killed a black bear
  4186 | D:5      | Reached XP level 7. HP: 51/51 MP: 7/7
  4187 | D:5      | Found a glowing silver altar of Zin.
  4191 | D:5      | Noticed an angel
  4198 | D:5      | Found a shimmering altar of Xom.
  4456 | D:5      | Reached skill level 9 in Ranged Weapons
  4936 | D:5      | Found a glowing golden altar of the Shining One.
  5383 | D:5      | Reached XP level 8. HP: 50/57 MP: 8/8
  5476 | D:5      | Found a snail-covered altar of Cheibriados.
  5639 | D:5      | Reached skill level 10 in Ranged Weapons
  5797 | D:5      | Found a staircase to the Ecumenical Temple.
  5845 | Temple   | Entered the Ecumenical Temple
  5880 | Temple   | Became a worshipper of Hepliaklqana the Forgotten
  6265 | D:6      | Noticed Duvessa
  6498 | D:6      | Noticed Dowan
  6504 | D:6      | Killed Duvessa
  6914 | D:5      | Killed an angel
  6932 | D:6      | Reached skill level 11 in Ranged Weapons
  7064 | D:6      | Noticed Sigmund
  7099 | D:7      | Gained mutation: Your flesh is heat resistant. (rF+)
                  | [potion of mutation]
  7099 | D:7      | Gained mutation: Your skin changes colour to match your
                  | surroundings (Stealth+). [potion of mutation]
  7546 | D:7      | Reached XP level 9. HP: 33/62 MP: 9/9
  7994 | D:7      | Reached skill level 12 in Ranged Weapons
  8479 | D:6      | Killed Dowan
  8519 | D:6      | Killed Sigmund
  8606 | D:6      | Found an ornate altar of the Wu Jian Council.
  8899 | D:8      | Noticed a two-headed ogre
  8909 | D:7      | Reached * piety under Hepliaklqana
  9034 | D:7      | Reached skill level 13 in Ranged Weapons
  9209 | D:7      | Found a sacrificial altar of Ru.
  9989 | D:8      | Noticed a boulder beetle
 10009 | D:8      | Killed a two-headed ogre
 10010 | D:8      | Reached skill level 14 in Ranged Weapons
 10010 | D:8      | Reached XP level 10. HP: 61/61 MP: 8/10
 10026 | D:8      | Killed a boulder beetle
 10074 | D:8      | Reached skill level 15 in Ranged Weapons
 10080 | D:8      | Noticed Erica
 10090 | D:8      | Killed Erica
 10309 | D:8      | Found a hide-covered altar of Uskayaw.
 10552 | D:9      | Identified the +11 dagger of Cowardice {vorpal, Str+3
                  | Int+4}
 10727 | D:9      | Reached skill level 16 in Ranged Weapons
 11424 | D:9      | Reached XP level 11. HP: 65/65 MP: 11/11
 11566 | D:9      | Reached ** piety under Hepliaklqana
 11567 | D:9      | Remembered your ancestor Demonsreach as a knight
 11608 | D:9      | Noticed Prince Ribbit
 11616 | D:9      | Killed Prince Ribbit
 11648 | D:9      | Noticed a two-headed ogre
 11655 | D:9      | Killed a two-headed ogre
 11984 | D:10     | Entered Level 10 of the Dungeon
 11984 | D:10     | Found Bipafir's Jewellery Boutique.
 11996 | D:10     | Reached skill level 17 in Ranged Weapons
 12131 | D:10     | Noticed a two-headed ogre
 12144 | D:10     | Killed a two-headed ogre
 12159 | D:10     | Found a staircase to the Lair.
 12523 | D:10     | Found a runed translucent door.
 12523 | D:10     | Noticed CougarLife's ghost (novice TrFi)
 12524 | D:10     | Noticed a flayed ghost
 12661 | D:10     | Noticed a four-headed hydra
 12669 | D:10     | Killed a four-headed hydra
 12669 | D:10     | Noticed an orc knight
 12670 | D:10     | Reached skill level 18 in Ranged Weapons
 12746 | D:10     | Noticed a wolf spider
 12756 | D:10     | Killed a wolf spider
 12774 | D:10     | Killed an orc knight
 13391 | Lair:1   | Entered Level 1 of the Lair of Beasts
 13488 | Lair:1   | Reached XP level 12. HP: 72/72 MP: 12/12
 13638 | Lair:1   | Learned a level 2 spell: Blink
 13875 | Lair:1   | Reached skill level 19 in Ranged Weapons
 13900 | Lair:1   | You fall into a shaft and drop 1 floor!
 14178 | Lair:1   | Mangled by a cane toad

Illustrated notes

Levels and vault maps discovered:
D:1:      dpeg_arrival_castle, layout_basic,
          shapermc_ecumenical_altar_mp_ritualfount
D:2:      layout_loops_corners
D:3:      layout_basic, dreamdust_princess_bridge, uniq_jessica
D:4:      layout_loops_ring, minmay_stone_trees_small
D:5:      layout_basic, mainiacjoe_overflow_chevrons, tso_metal_star,
          grunt_temple_overflow_order_and_chaos_1, minmay_temple_entry_poolview,
          minmay_hedge_maze
D:6:      layout_rooms, nicolae_wu_jian_glorious_leap, uniq_duvessa,
          uniq_sigmund
D:7:      layout_basic, nicolae_ru_awakened_eye
D:8:      layout_rooms, nicolae_uskayaw_dance_hall, uniq_erica
D:9:      layout_roguey, moated_statue, uniq_prince_ribbit1
D:10:     minmay_cornered_nines, layout_basic, david_lair_shrubbed,
          ebering_ghost_inner_flame, serial_shops, shop_statue,
          serial_bayou_pond_d
D:11:     layout_rooms, nicolae_trove_entry_path_of_doom
Temple:   regret_index_temple_waves
Lair:1:   statuecave_lemuel, layout_long_grid, lemuel_fruit_tree
Lair:2:   layout_loops_ring, swamp_mist, spider_nest_entry_funnel_web,
          minivault_27, infiniplex_staircase_pool

Skill      XL: |  1  2  3  4  5  6  7  8  9 10 11 12 |
---------------+-------------------------------------+-----
Ranged Weapons | 5 6 7 8 9 11 14 16 18 19 | 19.5
Fighting       | |  2.4
Dodging        | |  2.1
Stealth        | |  0.8

Action                   |  1- 3 |  4- 6 |  7- 9 | 10-12 || total
-------------------------+-------+-------+-------+-------++-------
Melee: Shortbow          |       |     6 |       |       ||     6
 Fire: Shortbow          |   122 |   172 |   341 |   397 ||  1032
Throw: Dart              |       |     1 |    16 |     8 ||    25
Invok: Recall Ancestor   |       |       |     3 |     3 ||     6
       Ancestor Identity |       |       |     1 |       ||     1
       Ancestor Life: Kn |       |       |       |     1 ||     1
 Abil: Hop               |       |     1 |     8 |     4 ||    13
Evoke: Wand              |       |       |     2 |     3 ||     5
  Use: Potion            |       |     2 |     4 |     1 ||     7
       Scroll            |       |     2 |     7 |     5 ||    14
Armor: Leather armour    |    16 |       |       |       ||    16
       Ring mail         |       |    44 |    77 |       ||   121
       Robe              |       |       |     7 |     4 ||    11
Dodge: Dodged            |    43 |    60 |   152 |    21 ||   276

Table legend: (Time is in decaauts)
 A = Elapsed time spent in this place.
 B = Non-inter-level travel time spent in this place.
 C = Inter-level travel time spent in this place.
 D = Time resting spent in this place.
 E = Time spent auto-exploring this place.
 F = Levels seen in this place.
 G = Mean time per level.
                   A        B        C        D        E       F      G
               +--------+--------+--------+--------+--------+-----+--------+
         Total |  15596 |  14756 |    840 |   4144 |   8444 |  14 | 1114.0 |
       Dungeon |  14676 |  13876 |    800 |   4099 |   7761 |  11 | 1334.2 |
        Temple |     67 |     28 |     39 |      0 |     18 |   1 |   67.0 |
          Lair |    852 |    852 |      0 |     45 |    665 |   2 |  426.0 |
               +--------+--------+--------+--------+--------+-----+--------+

Top non-repeatable levels by time:
     D:5: 2574 daAuts
     D:7: 2385 daAuts
    D:10: 1513 daAuts
     D:9: 1507 daAuts
     D:2: 1304 daAuts
     D:1: 1289 daAuts
     D:4: 1239 daAuts
     D:3: 1130 daAuts
     D:6: 903 daAuts
     D:8: 813 daAuts
  Lair:1: 756 daAuts
  Lair:2: 95 daAuts
  Temple: 67 daAuts
    D:11: 15 daAuts
